Map: Newkirk Precinct TE (Void)

Players

Gurmor - Winner!

  • Race: Zerg Zerg
  • League: Diamond
  • Spawn Location: 5:00

Musumeci

  • Race: Zerg Zerg
  • League: Diamond
  • Spawn Location: 7:00

VOD

Have the link to the VOD?

Description

Time

  • Played on: Jan. 7, 2017, 2:19 p.m.
  • Length: 22:26
Show
View Real Time Build Order
Export as new Build Order

Gurmor Zerg - Winner!

Build Orders: Pool First, Lurkers 

Get SALT Encoding   

  12  0:01  Drone  
  13  0:13  Overlord  
  13  0:18  Drone  
  14  0:31  Drone  
  14  0:32  Drone  
  14  0:35  Drone  
  17  0:45  Extractor  
  17  0:49  Spawning Pool  
  15  0:52  Drone  
  16  0:59  Drone  
  17  1:21  Hatchery  
  17  1:25  Drone  
  17  1:29  Drone  
  18  1:33  Drone  
  19  1:45  Metabolic Boost  
  19  1:52  Queen  
  21  1:58  Overlord  
  22  2:01  Zergling x2  
  22  2:16  Zergling x2  
  22  2:17  Zergling x2  
  24  2:23  Drone  
  24  2:27  Queen  
  27  2:40  Drone  
  27  2:41  Drone  
  27  2:42  Queen  
  31  2:47  Drone  
  31  2:48  Drone  
  33  2:54  Spine Crawler, Overlord  
  33  2:56  Drone  
  32  3:20  Drone x5  
  32  3:25  Drone  
  38  3:27  Overlord  
  38  3:35  Drone  
  38  3:41  Evolution Chamber  
  38  3:42  Drone  
  38  3:43  Drone x2  
  38  3:44  Drone  
  42  3:49  Evolution Chamber  
  42  3:53  Drone x2  
  42  3:54  Overlord  
  43  4:02  Drone  
  44  4:05  Drone, Roach Warren  
  44  4:06  Drone x2, Evolution Chamber  
  44  4:07  Extractor  
  44  4:12  Extractor  
  44  4:14  Drone  
  44  4:18  Drone x2  
  44  4:20  Drone x2  
  44  4:21  Extractor  
  47  4:25  Drone  
  47  4:30  Overlord  
  47  4:31  Overlord  
  48  4:34  Drone x2  
  50  4:42  Drone x2  
  50  4:45  Zerg Missile Weapons Level 1  
  52  4:48  Lair  
  52  4:56  Drone x3  
  55  5:05  Zerg Ground Armor Level 1  
  55  5:07  Drone  
  55  5:09  Overlord x2  
  55  5:12  Roach x3  
  60  5:21  Roach  
  60  5:22  Roach x2  
  64  5:29  Roach x2  
  64  5:37  Roach x2  
  64  5:38  Roach  
  56  5:55  Drone x5  
  59  6:02  Drone x2  
  55  6:06  Queen x2  
  59  6:14  Drone x2  
  61  6:22  Drone x2  
  63  6:29  Ravager x2  
  63  6:30  Ravager  
  63  6:31  Ravager  
  67  6:33  Drone  
  67  6:34  Drone  
  67  6:39  Drone x2  
  71  6:40  Drone x2  
  71  6:46  Overlord  
  73  6:49  Drone  
  74  7:01  Roach x2  
  78  7:12  Roach x4  
  81  7:18  Roach x3  
  84  7:26  Drone x2  
  86  7:35  Zerg Missile Weapons Level 2, Zerg Ground Armor Level 2  
  86  7:40  Drone x2  
  88  7:51  Roach  
  88  7:52  Roach  
  88  7:54  Overlord  
  92  8:04  Spine Crawler  
  91  8:06  Spine Crawler, Queen  
  92  8:18  Roach x4  
  100  8:20  Overlord x3  
  100  8:25  Hatchery  
  99  8:42  Hydralisk Den  
  97  8:56  Drone x3  
  97  8:58  Roach x2  
  97  8:59  Roach x2  
  108  9:09  Hatchery  
  107  9:10  Zergling x4  
  109  9:29  Hatchery  
  108  9:33  Infestation Pit  
  107  9:47  Overlord x4  
  107  9:53  Muscular Augments  
  107  9:55  Hatchery  
  97  10:40  Hydralisk x9  
  97  10:41  Hydralisk  
  117  10:52  Queen  
  119  11:00  Drone x4  
  123  11:11  Lurker Den  
  123  11:26  Hive  
  123  11:27  Pneumatized Carapace  
  123  11:42  Extractor  
  123  11:45  Extractor  
  123  11:46  Hatchery  
  120  11:55  Spore Crawler  
  120  11:58  Drone  
  120  11:59  Drone  
  120  12:00  Drone  
  120  12:01  Drone  
  124  12:08  Drone x3  
  126  12:21  Hatchery  
  114  12:32  Drone x5  
  119  12:37  Drone  
  119  12:39  Drone  
  121  13:02  Lurker x6  
  121  13:04  Drone  
  128  13:34  Hydralisk x6  
  140  13:43  Drone  
  140  13:44  Drone  
  142  14:00  Drone x2  
  142  14:01  Drone x6  
  150  14:16  Drone  
  150  14:30  Hatchery  
  149  14:37  Drone x2, Overlord  
  151  14:39  Overlord  
  146  15:18  Unknown x2  
  141  15:22  Queen  
  141  15:24  Drone x4  
  147  15:29  Drone x3  
  147  15:30  Drone x6  
  147  15:32  Drone x5  
  147  15:33  Drone  
  162  15:44  Spine Crawler x2  
  162  15:49  Spine Crawler  
  159  15:52  Spine Crawler  
  159  15:55  Spine Crawler  
  159  15:56  Drone  
  158  16:03  Extractor  
  158  16:04  Drone x4  
  158  16:05  Extractor  
  158  16:08  Drone  
  158  16:11  Zerg Missile Weapons Level 3  
  161  16:22  Drone x6  
  161  16:23  Overlord  
  167  16:41  Lurker x3  
  167  16:42  Lurker x7  
  167  16:46  Hydralisk x2  
  167  16:47  Hydralisk  
  181  16:57  Hydralisk x3  
  142  17:29  Drone  
  139  17:40  Hydralisk Den  
  139  17:43  Glial Reconstitution  
  129  18:07  Roach x2  
  129  18:08  Roach x23  
  129  18:09  Roach x8  
  167  18:16  Roach x4  
  172  18:23  Roach x2  
  172  18:24  Unknown x3  
  172  18:25  Unknown x3  
  166  18:47  Roach  
  166  18:48  Roach x5  
  162  19:20  Hatchery  
  161  19:30  Hydralisk  
  161  19:31  Hydralisk x6  
  169  20:04  Hydralisk x6  
  169  20:06  Unknown x2  
  175  20:57  Hydralisk x7  
  189  21:15  Hydralisk  
  164  22:20  Unknown  
Show
View Real Time Build Order
Export as new Build Order

Musumeci Zerg 

Build Orders: Hatch First 

Get SALT Encoding   

  12  0:04  Drone  
  13  0:08  Drone  
  14  0:36  Hatchery  
  14  0:37  Extractor  
  14  0:40  Drone  
  13  0:45  Drone  
  15  1:02  Spawning Pool  
  14  1:08  Extractor  
  14  1:09  Drone  
  14  1:13  Extractor  
  14  1:14  Drone  
  15  1:24  Overlord  
  15  1:49  Queen x2  
  15  1:51  Drone  
  20  1:56  Drone  
  20  2:00  Drone  
  22  2:05  Drone  
  23  2:10  Drone  
  24  2:17  Metabolic Boost  
  24  2:23  Zergling x2  
  25  2:31  Zergling x2  
  26  2:51  Drone x2  
  26  2:52  Baneling Nest  
  26  2:53  Drone  
  28  3:10  Overlord  
  26  3:15  Zergling x2  
  26  3:16  Zergling x2  
  28  3:30  Zergling x12  
  28  3:31  Zergling x4  
  36  3:48  Baneling x4  
  36  3:56  Evolution Chamber  
  35  4:03  Zergling x2  
  35  4:04  Overlord x2  
  36  4:17  Baneling  
  36  4:29  Zergling x24  
  48  4:32  Zerg Ground Armor Level 1  
  48  4:38  Zergling x2  
  50  5:07  Zergling x6  
  50  5:08  Overlord x2  
  40  5:37  Baneling  
  40  5:38  Baneling x3  
  36  5:43  Zergling x12  
  32  6:09  Zergling x2  
  32  6:10  Zergling x10  
  38  6:23  Zergling x8  
  42  6:28  Zerg Melee Weapons Level 1  
  42  6:29  Zergling x8  
  42  6:30  Hatchery  
  42  6:31  Baneling  
  42  6:32  Baneling x5  
  45  6:34  Baneling  
  45  6:35  Zergling x2  
  45  6:39  Zergling x2  
  48  6:47  Zergling x6  
  50  7:00  Zergling x10  
  35  7:24  Zergling x2  
  35  7:25  Zergling x14  
  40  7:38  Zergling x2  
  40  7:39  Zergling x6  
  40  7:44  Drone x2  
  45  7:50  Overlord  
  45  8:03  Zergling x2  
  45  8:04  Zergling x6  
  49  8:16  Queen  
  49  8:18  Zergling x6  
  53  8:33  Zergling x2  
  53  8:34  Zergling x8  
  48  8:51  Zergling x12  
  48  8:57  Drone x2  
  48  8:58  Drone  
  51  9:04  Zergling x2  
  51  9:05  Zergling x2  
  53  9:12  Zergling x4  
  55  9:23  Zergling x8  
  59  9:29  Extractor  
  59  9:30  Lair  
  58  9:33  Drone  
  59  9:51  Zergling x6  
  59  9:52  Zergling x8  
  59  10:17  Baneling x2  
  56  10:29  Zergling x2  
  56  10:41  Overlord x4  
  53  11:01  Drone x8  
  53  11:02  Infestation Pit, Drone x8  
  68  11:05  Extractor x2  
  68  11:07  Zergling x2  
  67  11:11  Drone  
  68  11:21  Zergling x6  
  68  11:42  Zergling x6  
  68  11:43  Zergling x18  
  80  11:48  Hive  
  80  11:52  Overlord  
  69  12:32  Drone x6  
  69  12:34  Drone x3  
  69  12:36  Zerg Melee Weapons Level 2  
  76  12:43  Evolution Chamber  
  75  12:46  Zergling x14  
  81  13:05  Ultralisk Cavern  
  80  13:08  Drone  
  80  13:09  Drone x2  
  79  13:34  Pneumatized Carapace, Drone  
  79  13:39  Zerg Ground Armor Level 2  
  79  14:01  Baneling  
  79  14:02  Baneling  
  74  14:17  Chitinous Plating  
  74  14:18  Ultralisk  
  74  14:19  Ultralisk x3  
  97  14:29  Extractor  
  96  14:38  Overseer x2  
  96  14:43  Hatchery  
  78  15:22  Ultralisk x3  
  78  15:23  Zergling x2  
  78  15:25  Overlord x7  
  97  15:41  Adrenal Glands  
  97  15:50  Zergling x14  
  97  15:51  Zergling x46  
  127  16:01  Extractor  
  126  16:08  Zergling x18  
  126  16:09  Zergling x6  
  138  16:12  Hatchery  
  137  16:25  Zergling x2  
  137  16:26  Zergling x12  
  141  16:42  Ultralisk x2  
  129  17:20  Ultralisk  
  129  17:21  Ultralisk x2  
  108  17:32  Zergling x14  
  108  17:33  Zergling x22  
  106  18:13  Zergling x24  
  95  18:39  Zergling x16  
  92  18:48  Drone x3  
  95  18:55  Ultralisk x3  
  97  19:12  Ultralisk  
  103  19:19  Extractor  
  103  19:20  Extractor  
  101  19:27  Zergling x12  
  101  19:28  Zergling x14  
  102  19:50  Ultralisk  
  78  20:03  Zergling x22  
  78  20:04  Zergling x4  
  76  20:25  Ultralisk  
  76  20:26  Ultralisk x2  
  67  20:43  Zergling x22  
  78  21:02  Zergling x6  
  79  21:08  Zergling x4  
  40  21:27  Overseer  
  37  21:40  Hatchery  
  37  21:43  Overseer  
Tags
 
Add a new tag
Caveats
  • Supply blocks, unpowered buildings, or Contaminate may cause inaccurate times.
  • Supply counts are checked every 10 seconds.